Map: Orbital Shipyard

Players

Yama - Winner!

  • Race: Terran Terran
  • League: Master

Shadonja

  • Race: Protoss Protoss
  • League: Diamond

VOD

Have the link to the VOD?

Description

Blatant Maphacking. Not the scan for the observer before it appears on his screen and having his units IN PLACE and SELECTED for the adept all-in

Time

  • Played on: Jan. 23, 2016, 9:04 a.m.
  • Length: 5:37
Show
View Real Time Build Order
Export as new Build Order

Yama Terran - Winner!

Build Orders:  

Get SALT Encoding   

  12  0:01  SCV  
  13  0:13  SCV  
  14  0:17  Supply Depot  
  14  0:25  SCV  
  15  0:39  SCV  
  15  0:42  Barracks  
  16  0:45  Refinery  
  16  0:51  SCV  
  17  1:03  SCV  
  18  1:15  SCV  
  19  1:29  Orbital Command  
  19  1:37  Command Center  
  19  1:39  Barracks Reactor  
  19  1:48  Supply Depot  
  19  1:54  SCV  
  20  2:06  SCV  
  21  2:09  Factory  
  21  2:15  Marine x2  
  21  2:19  SCV  
  21  2:20  Refinery  
  24  2:31  SCV  
  25  2:37  Marine x2  
  25  2:43  SCV  
  28  2:49  Bunker, Orbital Command  
  28  2:52  Factory Tech Lab  
  28  2:55  SCV  
  28  2:58  Marine x2  
  31  3:09  Starport  
  31  3:13  SCV  
  32  3:24  Cyclone  
  32  3:25  Marine x2  
  37  3:28  SCV  
  37  3:30  SCV  
  39  3:36  Supply Depot  
  39  3:40  SCV  
  40  3:42  SCV  
  40  3:47  Marine  
  42  3:52  SCV  
  42  3:54  SCV  
  44  4:02  Viking  
  46  4:04  Supply Depot  
  46  4:05  SCV  
  46  4:06  SCV  
  48  4:11  Engineering Bay  
  48  4:12  Supply Depot  
  48  4:17  SCV  
  49  4:18  SCV, Siege Tank, Marine  
  54  4:25  Marine  
  54  4:29  SCV  
  54  4:30  SCV  
  57  4:41  SCV  
  57  4:42  SCV  
  59  4:48  Command Center  
  59  4:53  SCV  
  59  4:55  SCV  
  61  5:04  Barracks x2  
  61  5:05  SCV  
  63  5:07  SCV  
  63  5:08  Factory Tech Lab  
  63  5:09  Supply Depot x2  
  63  5:12  Refinery  
  63  5:17  SCV  
Show
View Real Time Build Order
Export as new Build Order

Shadonja Protoss 

Build Orders: 1 Gate Expand 

Get SALT Encoding   

  12  0:01  Probe (Chrono Boost)  
  13  0:11  Probe (Chrono Boost)  
  14  0:17  Pylon  
  14  0:22  Probe (Chrono Boost)  
  15  0:36  Probe (Chrono Boost)  
  15  0:37  Gateway  
  16  0:46  Probe (Chrono Boost)  
  16  0:47  Assimilator  
  18  0:57  Probe (Chrono Boost)  
  18  1:07  Probe (Chrono Boost)  
  19  1:18  Nexus  
  19  1:28  Cybernetics Core  
  19  1:31  Probe (Chrono Boost)  
  20  1:37  Assimilator  
  20  1:41  Probe (Chrono Boost)  
  21  1:49  Pylon  
  21  1:52  Probe (Chrono Boost)  
  22  2:02  Probe (Chrono Boost)  
  23  2:13  Probe (Chrono Boost)  
  24  2:16  Adept  
  24  2:17  Warp Gate  
  26  2:24  Probe (Chrono Boost)  
  27  2:30  Probe (Chrono Boost)  
  27  2:34  Robotics Facility  
  28  2:38  Probe (Chrono Boost)  
  28  2:41  Probe (Chrono Boost)  
  28  2:44  Adept  
  32  2:51  Probe (Chrono Boost)  
  33  2:52  Probe (Chrono Boost)  
  34  2:59  Twilight Council  
  34  3:01  Probe (Chrono Boost)  
  34  3:03  Probe (Chrono Boost)  
  36  3:12  Probe (Chrono Boost), Adept  
  39  3:13  Probe (Chrono Boost)  
  40  3:26  Observer  
  39  3:28  Probe (Chrono Boost)  
  39  3:29  Probe (Chrono Boost)  
  41  3:35  Resonating Glaives (Chrono Boost)  
  41  3:47  Gateway  
  41  3:48  Gateway  
  41  3:55  Gateway, Warp Prism  
  43  4:02  Pylon  
  43  4:18  Probe  
  43  4:19  Probe  
  43  4:22  Gateway  
  43  4:23  Gateway  
  45  4:25  Gateway  
  44  4:43  Warp Prism  
  46  4:46  Pylon  
Tags
 
Add a new tag
Caveats
  • Supply blocks, unpowered buildings, or Contaminate may cause inaccurate times.
  • Supply counts are checked every 10 seconds.